 Dungeon Crawl Stone Soup version 0.29-a0-973-gac7da5f7f0 (webtiles) character file.

Game seed: 12940381839272201690

99 pokeman the Magician (level 4, -2/25 HPs)
             Began as a Deep Elf Hedge Wizard on July 31, 2022.
             Was an Initiate of Vehumet.
             Slain by an orc
             ... wielding a +0 whip
              (4 damage)
             ... on level 3 of the Dungeon.
             The game lasted 00:04:07 (2640 turns).

pokeman the Magician (Deep Elf Hedge Wizard)        Turns: 2640, Time: 00:04:08

Health: -2/25      AC:  3    Str:  7    XL:     4   Next: 45%
Magic:  6/13       EV: 12    Int: 21    God:    Vehumet [......]
Gold:   163        SH:  0    Dex: 14    Spells: 3/14 levels left

rFire   . . .      SeeInvis .   b - +1 dagger (freeze)
rCold   . . .      Faith    .   (no shield)
rNeg    . . .      Spirit   .   n - +0 leather armour
rPois   .          Reflect  .   c - +0 hat
rElec   .          Harm     .   (no cloak)
rCorr   .          Rampage  .   (no gloves)
Will    .....                   (no boots)
Stlth   ++........              (no amulet)
HPRegen 0.08/turn               (no ring)
MPRegen 0.13/turn               (no ring)

@: no status effects
A: no striking features
a: Renounce Religion


You were on level 3 of the Dungeon.
You worshipped Vehumet.
Vehumet was noncommittal.
You visited 1 branch of the dungeon, and saw 3 of its levels.

You collected 163 gold pieces.

Inventory:

Hand Weapons
 b - a +1 dagger of freezing (weapon)
Armour
 c - a +0 hat (worn)
 n - a +0 leather armour (worn)
Scrolls
 a - 2 scrolls of noise {unknown}
 h - a scroll of acquirement {unknown}
 i - a scroll of fear {unknown}
 k - a scroll of vulnerability {unknown}
 p - a scroll of teleportation {unknown}
Potions
 d - a potion of magic
 e - a potion of curing {unknown}
 f - 2 potions of attraction {unknown}
 g - 2 potions of flight {unknown}
 j - a potion of mutation {unknown}
 l - a potion of resistance {unknown}
 m - a potion of brilliance {unknown}
 o - a potion of might


   Skills:
 - Level 1.0 Fighting
 - Level 1.0 Armour
 + Level 2.7 Dodging
 + Level 2.7 Stealth
 * Level 5.7 Spellcasting
 + Level 2.2 Conjurations
 - Level 1.1 Summonings
 - Level 1.1 Translocations


You had 3 spell levels left.
You knew the following spells:

 Your Spells              Type           Power      Damage    Failure   Level
a - Magic Dart            Conj           60%        1d6       6%          1
b - Mephitic Cloud        Conj/Pois/Air  9%         N/A       32%         3
c - Call Imp              Summ           10%        N/A       14%         2
d - Blink                 Tloc           20%        N/A       14%         2
e - Conjure Flame         Conj/Fire      10%        6-21      28%         3

Your spell library contained the following spells:

 Spells                   Type           Power      Damage    Failure   Level
 Slow                     Hex            24%        N/A       14%         1
 Summon Guardian Golem    Hex/Summ       8%         N/A       34%         3
 Orb of Destruction       Conj           7%         9d6       100%        7
 Spellforged Servitor     Conj/Summ      6%         N/A       100%        7


Dungeon Overview and Level Annotations

Branches:
Dungeon (3/15)

Altars:
Vehumet


Message History

The orc shouts!
You hear a shout! x3
An orc comes into view. It is wielding a +0 whip.
Casting: Magic Dart (safe; 6% risk of failure)
Confirm with . or Enter, or press ? or * to list all spells.
Aiming: Magic Dart (safe; 6% risk of failure)
Press: ? - help, Shift-Dir - straight line, f/p - orc
Aim: an orc, wielding a +2 hand axe of draining and quivering boomerangs (lightly wounded, 100% to hit)
The magic dart hits the orc.
The orc is severely wounded.
Casting: Magic Dart (safe; 6% risk of failure)
Confirm with . or Enter, or press ? or * to list all spells.
Aiming: Magic Dart (safe; 6% risk of failure)
Press: ? - help, Shift-Dir - straight line, f/p - orc
Aim: an orc, wielding a +2 hand axe of draining and quivering boomerangs (severely wounded, 100% to hit)
The magic dart hits the orc.
You kill the orc!
Vehumet accepts your kill.
An orc priest comes into view. It is wielding a +0 whip.
An orc comes into view. It is wielding a +0 mace.
Things that are here:
a +0 short sword; a +0 leather armour
There is an open door here.
Items here: ( ) [ †.
As you close the door, it creaks loudly!
An orc opens the door.
You see here a +0 whip.
There is an open door here.
You close the door.
An orc breaks down the door.
There is an open door here.
You close the door.
The orc priest invokes the aid of Beogh against you.
Beogh smites you!
Ouch! That really hurt!
* * * LOW HITPOINT WARNING * * *
The orc hits you with a +0 whip.
* * * LOW HITPOINT WARNING * * *
There is a stone staircase leading up here.
The orc hits you with a +0 whip.
You die...

+........#####.....##.#...
#####.##.......######.+...
#....####### ###... #...##
#... #.#.# #... #
#.#.######## #...
.....#.o......# #...
###..#.o#####.#
........@...#
.#####.#.##.# ...#......#
#.##.#.#..#.# # #.#.#....
#.#.# #### ###.. ###


You could see an orc priest and an orc.

Vanquished Creatures
  An orc wizard (D:3)
  2 adders (D:3)
  A worm (D:3)
  4 dart slugs
  5 orcs (D:3)
  7 endoplasms
  4 giant cockroaches
  A goblin (D:1)
  A hobgoblin (D:1)
  2 quokkas
  A ball python (D:2)
  3 bats (D:1)
  3 frilled lizards (D:1)
  6 kobolds
  A spectral goblin (D:2)
42 creatures vanquished.

Notes
Turn   | Place    | Note
-------+----------+-------------------------------------------
     0 | D:1      | pokeman the Deep Elf Hedge Wizard began the quest for the
                  | Orb.
     0 | D:1      | Reached XP level 1. HP: 10/10 MP: 7/7
   291 | D:1      | Reached XP level 2. HP: 10/16 MP: 1/9
  1015 | D:1      | Reached skill level 5 in Spellcasting
  1378 | D:2      | Reached XP level 3. HP: 20/20 MP: 11/11
  1382 | D:2      | Learned a level 3 spell: Mephitic Cloud
  1385 | D:2      | Learned a level 2 spell: Call Imp
  1388 | D:2      | Learned a level 2 spell: Blink
  1392 | D:2      | Learned a level 3 spell: Conjure Flame
  1824 | D:2      | Found a faded altar of an unknown god.
  2133 | D:3      | Found a radiant altar of Vehumet.
  2141 | D:3      | Became a worshipper of Vehumet
  2167 | D:3      | Reached skill level 1 in Fighting
  2262 | D:3      | Reached skill level 1 in Armour
  2575 | D:3      | Reached XP level 4. HP: 22/25 MP: 1/13
  2640 | D:3      | Slain by an orc

Illustrated notes

Levels and vault maps discovered:
D:1:      evilmike_arrival_fibonacci_small, layout_loops_ring,
          minmay_pentomino_x4
D:2:      layout_rooms, dreamdust_ecumenical_altar_drowned_temple
D:3:      layout_basic, mainiacjoe_overflow_surrounded_room,
          chequers_decorated_corner, minmay_between, uniq_jessica, uniq_robin

Skill      XL: |  1  2  3 |
---------------+----------+-----
Spellcasting   | 5 |  5.7
Fighting       | 1 |  1.0
Armour         | 1 |  1.0
Conjurations   | 2 |  2.2
Dodging        | |  2.7
Stealth        | |  2.7
Summonings     | |  1.1
Translocations | |  1.1

Action                   |  1- 3 |  4- 6 || total
-------------------------+-------+-------++-------
Melee: Dagger            |    16 |    10 ||    26
 Cast: Magic Dart        |   103 |     4 ||   107
       Mephitic Cloud    |     2 |       ||     2
       Conjure Flame     |     1 |       ||     1
 Stab: Sleeping          |     1 |       ||     1
       Confused          |     1 |       ||     1
Armor: Robe              |     5 |       ||     5
       Leather armour    |     3 |     2 ||     5
Dodge: Dodged            |    15 |     5 ||    20

Table legend: (Time is in decaauts)
 A = Elapsed time spent in this place.
 B = Non-inter-level travel time spent in this place.
 C = Inter-level travel time spent in this place.
 D = Time resting spent in this place.
 E = Time spent auto-exploring this place.
 F = Levels seen in this place.
 G = Mean time per level.
                   A        B        C        D        E       F      G
               +--------+--------+--------+--------+--------+-----+--------+
         Total |   2639 |   2557 |     82 |     83 |   2139 |   3 |  879.7 |
       Dungeon |   2639 |   2557 |     82 |     83 |   2139 |   3 |  879.7 |
               +--------+--------+--------+--------+--------+-----+--------+

Top non-repeatable levels by time:
     D:1: 1374 daAuts
     D:2: 745 daAuts
     D:3: 519 daAuts
